Map: Hecate LE

Players

Wayne (Vanya)

  • Race: Zerg Zerg
  • League: Master
  • Spawn Location: 7:00

Bunny - Winner!

  • Race: Terran Terran
  • Spawn Location: 1:00

Event: IEM Katowice 2024

VOD

Have the link to the VOD?

Description

Time

  • Played on: Dec. 7, 2023, 2:34 p.m.
  • Length: 16:50

All games in this series

Show
View Real Time Build Order
Export as new Build Order

Wayne Zerg 

Build Orders: Hatch First, Lurkers, Roach Hydra 

Get SALT Encoding   

  12  0:00  Drone  
  13  0:12  Overlord  
  13  0:16  Drone  
  14  0:30  Drone x2  
  16  0:47  Hatchery  
  15  0:51  Drone  
  15  0:54  Drone  
  17  0:57  Drone  
  18  1:08  Extractor  
  17  1:12  Spawning Pool  
  17  1:15  Drone  
  17  1:19  Drone  
  18  1:28  Drone  
  19  1:38  Drone  
  20  1:50  Drone  
  21  1:59  Zergling x2, Queen x2  
  21  2:00  Zergling x2  
  27  2:11  Overlord  
  27  2:12  Drone  
  28  2:17  Metabolic Boost  
  28  2:27  Hatchery  
  28  2:29  Drone  
  28  2:32  Drone  
  29  2:39  Drone x2  
  31  2:44  Queen  
  33  2:52  Overlord  
  33  2:54  Drone x2  
  33  2:56  Drone  
  36  3:09  Queen  
  36  3:10  Drone x3  
  41  3:13  Overlord  
  41  3:17  Drone  
  41  3:18  Drone  
  43  3:20  Drone  
  44  3:31  Queen  
  44  3:33  Drone  
  47  3:35  Drone x2  
  47  3:40  Queen  
  51  3:43  Drone x4  
  55  3:49  Roach Warren  
  55  3:50  Extractor  
  55  3:52  Overlord  
  55  3:54  Drone  
  55  3:55  Drone  
  55  3:58  Drone x2  
  55  3:59  Drone  
  55  4:00  Drone  
  58  4:06  Overlord  
  58  4:08  Drone  
  59  4:17  Zergling x4  
  59  4:19  Overlord  
  59  4:23  Drone x6  
  66  4:26  Lair  
  66  4:30  Extractor  
  65  4:33  Drone, Overlord  
  65  4:37  Zergling x4  
  68  4:39  Overlord  
  68  4:43  Drone x4  
  72  4:46  Overlord  
  72  4:49  Roach  
  72  4:50  Roach  
  73  5:00  Overlord  
  73  5:01  Drone x2  
  73  5:05  Drone x3  
  77  5:07  Extractor  
  77  5:09  Drone, Evolution Chamber  
  77  5:10  Evolution Chamber  
  77  5:12  Drone  
  76  5:20  Drone x6  
  82  5:21  Hatchery  
  82  5:27  Glial Reconstitution  
  82  5:28  Extractor, Overseer  
  80  5:29  Extractor  
  80  5:30  Drone x3  
  80  5:33  Infestation Pit  
  80  5:37  Zerg Missile Weapons Level 1, Zerg Ground Armor Level 1  
  80  5:39  Drone x2  
  82  5:43  Drone  
  82  5:47  Drone  
  82  5:48  Drone  
  82  5:49  Roach x4  
  93  5:54  Roach x2  
  97  5:57  Overlord  
  97  6:04  Overlord  
  97  6:06  Roach x5  
  107  6:14  Overlord  
  107  6:17  Overlord  
  105  6:20  Overlord  
  105  6:21  Ravager x2  
  105  6:22  Ravager  
  105  6:23  Roach x4  
  116  6:27  Hive  
  116  6:29  Drone  
  116  6:31  Drone x3  
  120  6:36  Drone x3  
  123  6:41  Overlord  
  123  6:43  Infestor  
  123  6:45  Drone x2  
  123  6:46  Extractor  
  126  6:48  Zergling x12, Extractor  
  131  6:58  Roach x5  
  131  6:59  Roach  
  143  7:08  Overlord  
  143  7:11  Overlord  
  143  7:13  Drone  
  143  7:14  Drone  
  143  7:15  Overlord  
  143  7:17  Spore Crawler x2  
  143  7:18  Overlord x2, Hydralisk Den  
  143  7:21  Roach x3  
  146  7:26  Overlord  
  146  7:29  Ravager x3  
  149  7:31  Zerg Missile Weapons Level 2  
  149  7:32  Roach  
  149  7:33  Roach  
  153  7:46  Zergling x20  
  153  7:50  Viper x2  
  167  7:54  Zerg Ground Armor Level 2  
  167  7:55  Lurker Den  
  166  7:58  Drone  
  166  7:59  Drone  
  166  8:07  Roach x5  
  174  8:17  Hydralisk  
  174  8:18  Hydralisk x4  
  184  8:36  Drone x2  
  184  8:38  Spore Crawler  
  184  8:52  Seismic Spines  
  184  8:54  Lurker x5  
  189  8:59  Hydralisk x5  
  199  9:05  Hatchery  
  199  9:08  Grooved Spines  
  191  9:36  Lurker x5, Spawning Pool  
  189  9:52  Roach x7  
  180  9:58  Muscular Augments  
  154  10:02  Roach x17  
  154  10:03  Roach x5  
  154  10:06  Roach x2  
  183  10:07  Roach  
  158  10:22  Roach x9  
  158  10:23  Queen  
  158  10:24  Queen  
  173  10:35  Roach x8  
  183  10:38  Drone  
  183  10:39  Queen  
  183  10:44  Drone x2  
  183  10:46  Hydralisk x2  
  189  10:55  Drone x3  
  188  10:58  Spore Crawler  
  185  11:05  Hydralisk  
  185  11:06  Hydralisk x3  
  193  11:13  Zerg Ground Armor Level 3  
  193  11:19  Drone  
  190  11:26  Lurker x2  
  190  11:28  Drone x2  
  190  11:29  Drone x5  
  190  11:30  Drone, Extractor  
  190  11:31  Extractor  
  198  11:37  Viper x2  
  190  11:41  Ravager x2  
  184  11:56  Viper  
  184  11:57  Zergling x2  
  184  11:58  Zergling x24  
  175  12:17  Ravager x3  
  175  12:18  Roach x9  
  193  12:23  Hydralisk x3  
  193  12:33  Drone x8  
  182  12:42  Hydralisk x4  
  177  12:50  Hydralisk x3  
  158  13:02  Hydralisk x5  
  145  13:08  Hydralisk x2  
  143  13:13  Zergling x8  
  143  13:14  Zergling x4  
  146  13:23  Roach x5  
  154  13:33  Zergling x16  
  152  13:51  Lurker  
  152  13:52  Lurker  
  145  14:01  Hydralisk, Hatchery  
  127  14:11  Hydralisk  
  126  14:24  Drone x4  
  126  14:26  Drone  
  126  14:27  Drone  
  131  14:37  Viper x2  
  135  14:41  Hydralisk x2  
  135  14:42  Hydralisk  
  137  15:03  Hydralisk x2  
  137  15:04  Hydralisk x4  
  137  15:18  Drone x3  
  137  15:22  Hydralisk x4  
  124  15:39  Hydralisk x6  
  126  15:49  Hydralisk x3  
  132  15:56  Zergling x10  
  127  15:59  Zergling x6  
  130  16:12  Hydralisk x5  
  128  16:23  Hydralisk x4  
Show
View Real Time Build Order
Export as new Build Order

Bunny Terran - Winner!

Build Orders: Reaper Expand 

Get SALT Encoding   

  12  0:01  SCV  
  13  0:13  SCV  
  14  0:18  Supply Depot  
  14  0:25  SCV  
  15  0:40  Barracks, SCV  
  16  0:44  Refinery  
  16  0:52  SCV  
  17  1:04  SCV  
  18  1:16  SCV  
  19  1:28  Orbital Command, Reaper  
  20  1:40  Command Center  
  20  1:50  Supply Depot  
  20  1:54  SCV  
  20  1:59  Marine  
  22  2:06  SCV  
  23  2:09  Factory  
  23  2:18  SCV  
  23  2:22  Barracks Reactor  
  24  2:30  SCV  
  25  2:42  SCV  
  25  2:43  Command Center  
  26  2:52  Orbital Command  
  26  2:54  SCV  
  27  3:02  Barracks  
  27  3:07  SCV  
  27  3:11  Hellion  
  30  3:13  Hellion  
  30  3:16  Barracks Tech Lab  
  30  3:19  SCV x2  
  34  3:31  SCV x2  
  34  3:33  Hellion  
  38  3:34  Hellion  
  38  3:35  Stimpack  
  38  3:36  Marine  
  41  3:43  SCV x2  
  42  3:56  Orbital Command  
  42  4:00  SCV x2  
  44  4:07  Marine x3  
  44  4:08  Starport  
  47  4:11  Factory Reactor  
  47  4:13  SCV x2  
  47  4:14  Refinery  
  49  4:22  SCV  
  49  4:24  Supply Depot  
  50  4:25  SCV x2  
  50  4:26  Marine x3  
  55  4:32  Refinery  
  55  4:35  Orbital Command, Supply Depot  
  55  4:37  SCV  
  55  4:38  SCV  
  57  4:43  Marine  
  57  4:44  Marine x2  
  60  4:47  Supply Depot  
  60  4:50  SCV x2  
  60  5:00  Engineering Bay x2  
  60  5:01  Marine x2  
  60  5:02  Marine  
  60  5:03  SCV x2  
  60  5:05  Supply Depot, SCV  
  59  5:14  Medivac x2  
  59  5:15  Barracks, Combat Shield, SCV x2  
  59  5:16  Refinery  
  59  5:17  Supply Depot, SCV  
  59  5:19  Marine x3  
  69  5:27  SCV x2  
  71  5:29  SCV  
  72  5:39  Barracks, SCV  
  72  5:40  Barracks, Marine x3, SCV  
  72  5:41  SCV  
  78  5:43  Terran Infantry Weapons Level 1, Terran Infantry Armor Level 1  
  78  5:49  Factory Reactor  
  78  5:51  SCV  
  78  5:52  SCV  
  78  5:53  SCV  
  81  5:58  Medivac, Marine x3  
  81  5:59  Supply Depot x2  
  81  6:04  Barracks Reactor  
  86  6:07  SCV x3  
  89  6:12  Medivac, Refinery  
  89  6:15  Marine  
  89  6:16  Marine x2  
  93  6:19  Factory Tech Lab  
  93  6:22  SCV x3  
  93  6:24  Refinery  
  95  6:29  Barracks Reactor  
  95  6:30  Barracks Reactor  
  95  6:32  Factory  
  95  6:33  Marine x2  
  95  6:34  Marine  
  95  6:36  Supply Depot  
  95  6:38  SCV x3  
  100  6:44  Siege Tank  
  100  6:46  Marine  
  103  6:48  Concussive Shells  
  103  6:51  Barracks, Marine x2  
  103  6:52  Marine  
  103  6:53  Barracks  
  105  6:56  Marine  
  105  6:58  SCV  
  105  6:59  SCV x2  
  109  7:04  Marine  
  109  7:08  Marine x4  
  112  7:09  Marine x2  
  112  7:10  Marauder  
  112  7:11  Supply Depot x2  
  116  7:16  Supply Depot  
  116  7:19  Marine  
  116  7:22  Siege Tank, Factory Tech Lab  
  120  7:24  Marine  
  120  7:25  Marine, Medivac  
  120  7:26  Supply Depot  
  120  7:28  Supply Depot  
  124  7:32  Medivac  
  124  7:33  Marauder  
  124  7:35  Marine x5  
  124  7:36  Marine  
  133  7:41  Siege Tank  
  133  7:42  Barracks Tech Lab, Marine  
  133  7:43  Barracks Tech Lab, Marine  
  139  7:45  Supply Depot  
  133  7:53  Marine x3  
  133  7:54  Marauder  
  133  7:55  Marine  
  133  7:56  Marine  
  143  7:58  Siege Tank  
  138  8:06  Marine x2, Marauder x2  
  138  8:07  Marine  
  138  8:10  Marine  
  143  8:13  Siege Tank  
  143  8:17  Marauder  
  143  8:18  Marine x4  
  150  8:22  Supply Depot  
  150  8:24  Marine x3, Medivac x2  
  157  8:27  Marauder x2  
  157  8:28  Marine  
  157  8:32  Supply Depot  
  162  8:36  Marine x3  
  162  8:37  Siege Tank  
  162  8:38  Marauder  
  170  8:45  Siege Tank  
  170  8:46  Marine x2  
  170  8:47  Marine x3  
  177  8:48  Marauder  
  177  8:49  Marauder  
  177  8:50  Supply Depot  
  177  8:53  Marine  
  177  8:54  Marine, Medivac  
  177  8:55  Medivac, Supply Depot  
  187  9:02  Marauder, Marine  
  190  9:04  Marine x2  
  197  9:10  Siege Tank, Marauder  
  197  9:12  Marauder  
  192  9:32  Liberator x2  
  192  9:37  Siege Tank  
  192  9:40  Command Center  
  192  9:42  Siege Tank, Ghost Academy  
  168  9:57  Marauder x3  
  150  10:02  Marine x8  
  151  10:10  Siege Tank  
  151  10:14  Siege Tank  
  151  10:18  Marauder, Marine x2  
  151  10:20  Marine  
  146  10:24  Liberator  
  146  10:25  Liberator  
  140  10:33  Marine  
  140  10:34  Marine x5  
  135  10:36  Marauder x2  
  135  10:39  Marine x2  
  135  10:40  Marauder  
  135  10:42  Siege Tank  
  143  10:46  Siege Tank  
  145  10:51  Marine  
  145  10:52  Orbital Command, Marine x4  
  150  10:58  Marauder x2  
  150  11:01  Marauder  
  150  11:03  Marine x3  
  153  11:08  Marine  
  153  11:09  Marine  
  153  11:10  Marine  
  153  11:11  Liberator x2  
  156  11:14  Siege Tank  
  156  11:15  Marine x2  
  167  11:19  Marauder x2  
  167  11:21  Marine  
  167  11:23  Missile Turret  
  170  11:31  Marauder  
  159  11:41  Missile Turret  
  159  11:42  Marine x5  
  159  11:44  Siege Tank  
  159  11:45  Marauder x2  
  159  11:46  Siege Tank  
  174  11:53  Marauder  
  172  11:55  Marine x3  
  172  12:06  Liberator  
  172  12:07  Marauder  
  173  12:08  Marauder  
  173  12:14  Marauder  
  171  12:16  Siege Tank, Marine x4  
  171  12:17  Marine x2  
  171  12:18  Siege Tank  
  181  12:25  Medivac  
  171  12:38  Marine  
  171  12:39  Marine x2  
  163  12:48  Siege Tank  
  163  12:50  Siege Tank  
  146  13:00  Medivac x2  
  131  13:10  Marine x2  
  131  13:11  Marine x5, Marauder x2  
  137  13:20  Siege Tank  
  137  13:22  Marauder  
  139  13:27  Marine  
  139  13:28  Marine x4  
  139  13:29  Medivac  
  139  13:30  Medivac  
  139  13:32  Siege Tank, Marauder x2  
  150  13:35  Marine  
  151  13:42  Marine  
  151  13:43  Marine x2  
  152  13:54  Marauder  
  153  13:57  Marine x2  
  153  13:59  Liberator, Marine  
  159  14:09  Siege Tank  
  143  14:22  Siege Tank  
  143  14:40  Orbital Command  
  143  14:49  Siege Tank  
  146  14:54  Siege Tank  
  139  15:21  Siege Tank  
  121  15:44  Marauder x3, Marine x5  
  121  15:45  Marine  
  129  15:51  Siege Tank  
  123  16:00  Marine x2  
  123  16:02  Marine x4  
  129  16:10  Viking  
  128  16:18  Siege Tank  
  128  16:20  Marine  
  117  16:26  Marine x3  

Tags
 
Add a new tag
Caveats
  • Supply blocks, unpowered buildings, or Contaminate may cause inaccurate times.
  • Supply counts are checked every 10 seconds.